 Dungeon Crawl Stone Soup version 0.20.1-1-g8b1a95d (webtiles) character file.

485 Linguinho the Ruffian (level 6, 0/59 HPs)
             Began as a Troll Monk on Nov 13, 2017.
             Slain by an orc
             ... wielding a +0 mace
              (8 damage)
             ... on level 4 of the Dungeon.
             The game lasted 00:02:32 (1682 turns).

Linguinho the Ruffian (Troll Monk)                  Turns: 1682, Time: 00:02:33

Health: 0/59       AC:  5    Str: 22    XL:     6   Next: 88%
Magic:  5/5        EV: 11    Int:  6    God:
Gold:   123        SH:  0    Dex: 12    Spells: 5/5 levels left

rFire    + . .     SeeInvis .     - Unarmed
rCold    . . .     Gourm    +   (no shield)
rNeg     . . .     Faith    .   a - +0 robe
rPois    .         Spirit   .   (helmet restricted)
rElec    .         Reflect  .   (no cloak)
rCorr    .         Harm     .   (gloves unavailable)
MR       +....                  (boots unavailable)
Stlth    ++........             (no amulet)
Regen    0.6/turn               k - ring of protection from magic
MPRegen  0.1/turn               l - ring of protection from fire

@: lethally poisoned (0 -> 0)
A: unfitting armour, claws 3, fast metabolism 3, gourmand, regeneration 1,
shaggy fur 1, tough skin 2
a: no special abilities


You were on level 4 of the Dungeon.
You were full.

You visited 1 branch of the dungeon, and saw 4 of its levels.

You collected 123 gold pieces.

Inventory:

Armour
 a - a +0 robe (worn)
Jewellery
 k - a ring of protection from magic (left claw)
 l - a ring of protection from fire (right claw)
 p - an uncursed ring of protection from fire
Scrolls
 e - 3 scrolls of identify {unknown}
 f - 6 scrolls of remove curse {unknown}
 q - a scroll of fog {unknown}
 r - a scroll of fear {unknown}
 t - 3 scrolls of teleportation {unknown}
Potions
 d - a potion of flight {unknown}
 g - 2 potions of berserk rage
 j - 2 potions of curing {unknown}
 m - a potion of haste {unknown}
 n - 2 potions of agility {unknown}
 o - 2 potions of heal wounds {unknown}
Comestibles
 b - 2 bread rations
 c - a meat ration
 h - 6 fruits
 i - a royal jelly


   Skills:
 + Level 2.9 Fighting
 + Level 3.9 Dodging
 - Level 1.1 Stealth
 + Level 6.5 Unarmed Combat


You had 5 spell levels left.
You didn't know any spells.

Dungeon Overview and Level Annotations

Branches:
Dungeon (4/15)
 Temple: D:4-7

Altars:
Sif Muna
Trog


Innate Abilities, Weirdness & Mutations

You are too large for most types of armour.
You have claws for hands.
Your metabolism is lightning-fast.
You like to eat raw meat.
Your natural rate of healing is unusually fast.
You are covered in fur. (AC +1)
You have very tough skin. (AC +2)


Message History

You feel sick. The orc barely misses you. x2
You claw the orc!
You kill the orc!
The orc closely misses you.
An orc comes into view. It is wielding a mace.
The orc shouts!
The orc hits you with a trident.
* * * LOW HITPOINT WARNING * * *
Things that are here:
a dagger; a poisoned tomahawk; a dagger You closely miss the orc.
You feel sick. The orc hits you with a trident.
* * * LOW HITPOINT WARNING * * *
You scratch the orc.
The orc is severely wounded.
An orc comes into view. It is wielding a flail.
You scratch the orc.
You kill the orc!
A hound comes into view.
You feel sick. The orc hits you with a mace!
You die...

#. ##.#### .
#.....# .. h.
#<# ... #. #.#
.).. #. #.#
.....#.##(#####
........))†...#
......o@......#
..............#
...?#######.....
..o ### ..####
.. ### ..# ._.
.## #.# #.#


You could see a hound (wandering) and 2 orcs.

Vanquished Creatures
  Grinder (D:3)
  3 orc wizards
  2 orc priests
  Natasha (twice) (D:3)
  3 adders
  2 worms (D:2)
  2 dart slugs
  A leopard gecko (D:1)
  12 orcs
  4 giant cockroaches
  9 goblins
  4 hobgoblins
  2 jackals (D:4)
  A quokka (D:2)
  A ball python (D:3)
  4 bats
  6 frilled lizards
  4 kobolds
  5 rats
68 creatures vanquished.

Notes
Turn   | Place    | Note
-------+----------+-------------------------------------------
     0 | D:1      | Linguinho the Troll Monk began the quest for the Orb.
     0 | D:1      | Reached XP level 1. HP: 22/22 MP: 0/0
   101 | D:1      | Reached XP level 2. HP: 23/29 MP: 1/1
   407 | D:2      | Reached XP level 3. HP: 36/36 MP: 2/2
   944 | D:3      | Reached skill level 4 in Unarmed Combat
  1038 | D:3      | Reached XP level 4. HP: 33/44 MP: 3/3
  1162 | D:3      | Reached XP level 5. HP: 50/50 MP: 4/4
  1170 | D:3      | Reached skill level 5 in Unarmed Combat
  1288 | D:3      | Found a bloodstained altar of Trog.
  1368 | D:3      | Noticed Natasha
  1370 | D:3      | Killed Natasha
  1389 | D:3      | Noticed Natasha
  1399 | D:3      | Killed Natasha
  1548 | D:3      | Noticed Grinder
  1553 | D:3      | Killed Grinder
  1553 | D:3      | Reached skill level 6 in Unarmed Combat
  1553 | D:3      | Reached XP level 6. HP: 41/59 MP: 5/5
  1651 | D:4      | Found a deep blue altar of Sif Muna.
  1682 | D:4      | Slain by an orc

Skill      XL: |  1  2  3  4  5 |
---------------+----------------+-----
Dodging        | 3 |  3.9
Unarmed Combat | 4 6 |  6.5
Fighting       | |  2.9
Stealth        | |  1.1

Action                   |  1- 3 |  4- 6 || total
-------------------------+-------+-------++-------
Melee: Unarmed           |   116 |    64 ||   180
       Punch             |     1 |     2 ||     3
 Stab: Sleeping          |     5 |       ||     5
       Distracted        |     1 |       ||     1
  Eat: Chunk             |    13 |     5 ||    18
Armor: Robe              |    18 |    13 ||    31
Dodge: Dodged            |    68 |    36 ||   104
